 Dungeon Crawl Stone Soup version 0.30-b1-2-g02819fbbbe (webtiles) character file.

Game seed: 1916729615007544466

4296 manyhoops the Covert (level 9, -3/68 HPs)
             Began as a Demigod Earth Elementalist on Nov 24, 2023.
             Slain by a hornet (13 damage)
             ... on level 9 of the Dungeon.
             The game lasted 00:14:04 (7529 turns).

manyhoops the Covert (Demigod Earth Elementalist)   Turns: 7529, Time: 00:14:05

Health: -3/68      AC:  6    Str:  9    XL:     9   Next: 86%
Magic:  28/33      EV: 12    Int: 29    God:
Gold:   447        SH:  0    Dex: 14    Spells: 11/21 levels left

rFire   . . .        u - +4 rapier (speed)
rCold   + . .        (no shield)
rNeg    . . .        v - +1 leather armour {Will+}
rPois   .            z - +0 helmet
rElec   .            l - +0 cloak
rCorr   .            (no gloves)
SInv    .            (no boots)
Will    +....        (no amulet)
Stlth   ++++         k - ring of protection from cold
HPRegen 0.31/turn    t - ring of magical power
MPRegen 0.23/turn

%: random rage (3%)
@: lethally poisoned (-3 -> -23), slowed, very slow
A: high MP 2, forlorn, divine attributes, berserk 1, sturdy frame 1, noise
suppression
a: no special abilities


You were on level 9 of the Dungeon.
You visited 2 branches of the dungeon, and saw 10 of its levels.

You collected 447 gold pieces.

Inventory:

Hand Weapons
 u - a +4 rapier of speed (weapon)
Armour
 j - the +1 scale mail of the Soldier {+Inv Will++ Str+3 Stlth-}
   (You found it on level 3 of the Dungeon)

   Str:       It affects your strength (+3).
   +Inv:      It lets you turn invisible.
   Will:      It greatly increases your willpower.
   Stlth:     It makes you less stealthy.
 l - a +0 cloak (worn)
 v - a +1 leather armour of willpower (worn)
 x - an orb of energy
 z - a +0 helmet (worn)
Jewellery
 k - a ring of protection from cold (left hand)
 m - a ring of positive energy
 r - a ring of flight
 t - a ring of magical power (right hand)
 A - a ring of willpower
Wands
 d - a wand of paralysis (2)
 o - a wand of roots (14)
 E - a wand of acid (6)
Scrolls
 a - a scroll of poison
 c - 3 scrolls of blinking
 e - 3 scrolls of immolation
 f - a scroll of amnesia
 i - a scroll of enchant armour {unknown}
 n - 3 scrolls of vulnerability
 p - 2 scrolls of fear
 q - 5 scrolls of teleportation
 y - 3 scrolls of enchant weapon
 B - 4 scrolls of identify
 C - a scroll of noise
Potions
 b - 2 potions of magic
 g - a potion of mutation
 h - 2 potions of brilliance
 s - a potion of resistance {unknown}
 w - a potion of curing
 D - 2 potions of ambrosia {unknown}


   Skills:
 + Level 2.8 Fighting
 - Level 3.7 Armour
 + Level 2.9 Dodging
 + Level 8.3 Stealth
 + Level 6.7 Spellcasting
 - Level 2.1 Summonings
 - Level 0.8 Transmutations
 - Level 2.1 Ice Magic
 - Level 6.3 Earth Magic


You had 11 spell levels left.
You knew the following spells:

 Your Spells              Type           Power      Damage    Failure   Level
a - Sandblast             Erth           92%        2d19      1%          1
b - Passwall              Tmut/Erth      25%        N/A       1%          2
c - Stone Arrow           Conj/Erth      56%        3d10      4%          3
d - Summon Ice Beast      Ice/Summ       22%        N/A       24%         4

Your spell library contained the following spells:

 Spells                   Type           Power      Damage    Failure   Level
 Freeze                   Ice            88%        1d9       2%          1
 Beastly Appendage        Tmut           28%        N/A       4%          1
 Wereblood                Tmut           14%        N/A       6%          2
 Frozen Ramparts          Ice            44%        1d7       7%          3
 Lesser Beckoning         Tloc           18%        N/A       9%          2
 Scorch                   Fire           18%        2d6       9%          2
 Hailstorm                Conj/Ice       15%        3d5       11%         3
 Petrify                  Tmut/Erth      30%        N/A       13%         4
 Spider Form              Tmut/Pois      12%        N/A       14%         3
 Gell's Gravitas          Tloc           9%         N/A       17%         3
 Teleport Other           Tloc           9%         N/A       17%         3
 Ice Form                 Ice/Tmut       18%        N/A       30%         4
 Flame Wave               Conj/Fire      9%         2d6       50%         4
 Summon Cactus Giant      Summ           11%        N/A       98%         6


Dungeon Overview and Level Annotations

Branches:
Dungeon (9/15)             Temple (1/1) D:5
   Lair: D:8-11         Orc: D:9-12


Innate Abilities, Weirdness & Mutations

You have a considerably increased reservoir of magic. (+20% MP)
You shall have no god before yourself.
Your divine heritage dramatically boosts your attributes as you level up.
You sometimes lose your temper in combat.
Your movements are slightly less encumbered by armour. (ER -2)
You passively dampen the noise of your surroundings.


Message History

Confirm with . or Enter, or press ? or * to list all spells.
Okay, then.
Casting: Stone Arrow (dangerous; 4% risk of failure)
Confirm with . or Enter, or press ? or * to list all spells.
A chill wind blows around you. The hornet stings you!
You feel yourself slow down.
Unknown command.
Casting: Summon Ice Beast (dangerous; 24% risk of failure)
Confirm with . or Enter, or press ? or * to list all spells.
Aiming: Sandblast (safe; 1% risk of failure)
Press: ? - help, Shift-Dir - straight line, f - hornet
Aim: a hornet (ally target, 77% to hit)
The blast of sand hits the hornet!
The hornet is heavily wounded.
You feel yourself speed up. The hornet stings you!
You are poisoned.
You feel yourself slow down.
The hornet stings you but does no damage.
Your ice beast closely misses the hornet.
The hornet stings you.
* * * LOW HITPOINT WARNING * * *
You are more poisoned.
You feel as though you will be slow longer.
Your ice beast hits the hornet.
Your ice beast freezes the hornet.
Casting: Sandblast (safe; 1% risk of failure)
Confirm with . or Enter, or press ? or * to list all spells.
Aiming: Sandblast (safe; 1% risk of failure)
Press: ? - help, Shift-Dir - straight line, f/p - hornet
Aim: a hornet (severely wounded, not watching you, ally target, 77% to hit)
The blast of sand hits the hornet!
The hornet is almost dead.
* * * LOW HITPOINT WARNING * * *
You feel extremely sick. The hornet stings you.
* * * LOW HITPOINT WARNING * * *
You are lethally poisoned!
You feel as though you will be slow longer.
The hornet stings you!
You die...

### ..#
#.#
#.#######
#@yY.....
####...##
.#


You could see a hornet (ally target) and a friendly ice beast (summoned).

Vanquished Creatures
  A deep elf pyromancer (D:6)
  A troll (D:7)
  A hornet (D:8)
  Grinder (D:3)
  Eustachio (D:5)
  2 vampire mosquitoes (D:6)
  An acid dragon (D:8)
  A water moccasin (D:8)
  The ghost of diceflayer the Sneak, an amateur SpBr (D:4)
  A black bear (D:5)
  An orc warrior (D:8)
  2 sky beasts
  2 ice beasts
  An ogre (D:3)
  A centaur (D:5)
  A phantom (D:6)
  5 bullfrogs
  4 scorpions (D:5)
  4 wights (D:8)
  4 killer bees (D:7)
  2 howler monkeys
  A hound (D:7)
  2 jellies
  2 gnoll boudas (D:6)
  6 orc priests
  An iguana (D:6)
  6 orc wizards
  Robin (D:3)
  8 gnolls
  3 adders
  3 shadow imps
  2 white imps (D:6)
  An ufetubus (D:5)
  A worm (D:2)
  3 dart slugs (D:2)
  22 orcs
  6 ball pythons
  3 bats
  8 endoplasms
  2 giant cockroaches
  15 goblins
  5 hobgoblins (D:3)
  6 jackals
  11 kobolds
  5 quokkas
  8 frilled lizards
  7 rats
176 creatures vanquished.

Vanquished Creatures (others)
  2 orcs (D:9)
2 creatures vanquished.

Grand Total: 178 creatures vanquished

Notes
Turn   | Place    | Note
-------+----------+-------------------------------------------
     0 | D:1      | manyhoops the Demigod Earth Elementalist began the quest
                  | for the Orb.
     0 | D:1      | Reached XP level 1. HP: 14/14 MP: 5/5
   177 | D:1      | Reached XP level 2. HP: 20/20 MP: 4/7
   446 | D:1      | Reached XP level 3. HP: 21/26 MP: 7/9
   887 | D:2      | You fall into a shaft and drop 1 floor!
  1422 | D:2      | Reached XP level 4. HP: 33/33 MP: 6/11
  2005 | D:3      | Noticed an ogre
  2023 | D:3      | Killed an ogre
  2024 | D:3      | Reached XP level 5. HP: 38/38 MP: 7/13
  2118 | D:3      | Identified the +1 scale mail of the Soldier {+Inv Will++
                  | Str+3 Stlth-}
  2145 | D:3      | Noticed Grinder
  2148 | D:3      | Paralysed by Grinder for 4 turns
  2157 | D:3      | Paralysed by Grinder for 3 turns
  2166 | D:3      | Killed Grinder
  2167 | D:3      | Reached skill level 5 in Earth Magic
  2167 | D:3      | Reached XP level 6. HP: 40/45 MP: 3/15
  2347 | D:3      | Noticed Robin
  2468 | D:3      | Killed Robin
  2785 | D:3      | Learned a level 2 spell: Passwall
  2789 | D:3      | Learned a level 3 spell: Stone Arrow
  2796 | D:4      | Found a runed translucent gate.
  2797 | D:4      | Found a runed translucent gate.
  2798 | D:4      | Found a runed translucent gate.
  2799 | D:4      | Noticed diceflayer's ghost (amateur SpBr)
  3381 | D:4      | Killed diceflayer's ghost
  3416 | D:4      | Gained mutation: You passively dampen the noise of your
                  | surroundings. [potion of mutation]
  3416 | D:4      | Gained mutation: You sometimes lose your temper in combat.
                  | [potion of mutation]
  3416 | D:4      | Gained mutation: You have hidden genetic potential. [potion
                  | of mutation]
  3460 | D:5      | Entered Level 5 of the Dungeon
  3491 | D:5      | Reached skill level 5 in Spellcasting
  3491 | D:5      | Reached XP level 7. HP: 38/50 MP: 13/18
  3697 | D:5      | Noticed Eustachio
  3711 | D:5      | Killed Eustachio
  3720 | D:5      | Gained mutation: Your movements are slightly less
                  | encumbered by armour. (ER -2) [hidden potential]
  3800 | D:5      | Found a staircase to the Ecumenical Temple.
  3916 | D:5      | Reached skill level 1 in Armour
  4120 | D:5      | Reached XP level 8. HP: 57/57 MP: 20/20
  4247 | Temple   | Entered the Ecumenical Temple
  4332 | D:6      | Reached skill level 2 in Stealth
  4429 | D:6      | Reached skill level 3 in Stealth
  4591 | D:6      | Gained mutation: You have a considerably increased
                  | reservoir of magic. (+20% MP) [hidden potential]
  4591 | D:6      | Lost mutation: You have hidden genetic potential. [hidden
                  | potential expressed]
  4592 | D:6      | Reached skill level 4 in Stealth
  4811 | D:6      | Reached skill level 1 in Fighting
  4907 | D:6      | Noticed a deep elf pyromancer
  4912 | D:6      | Killed a deep elf pyromancer
  4913 | D:6      | Reached skill level 6 in Stealth
  5213 | D:6      | Reached XP level 9. HP: 67/67 MP: 23/23
  5683 | D:7      | Reached skill level 7 in Stealth
  6008 | D:7      | Reached skill level 8 in Stealth
  6306 | D:7      | Learned a level 4 spell: Summon Ice Beast
  6348 | D:8      | Reached skill level 1 in Summonings
  6366 | D:8      | Reached skill level 1 in Ice Magic
  7529 | D:9      | Slain by a hornet

Illustrated notes

Levels and vault maps discovered:
D:1:      wander_arrival_chamber, layout_rooms, minmay_misc_feat_ornament
D:2:      layout_loops_ring, minmay_cut_off
D:3:      layout_rooms, grunt_temple_overflow_open, grunt_qazlal_sundering,
          nicolae_ashenzari_skybound, serial_rivers,
          chequers_serial_rivers_room_b, chequers_serial_rivers_micro_b,
          chequers_serial_rivers_micro_a, chequers_serial_rivers_room_a,
          minmay_misc_feat_hallway, chequers_serial_rivers_room_b, uniq_grinder,
          uniq_robin
D:4:      layout_rooms, ebering_ghost_rock_garden
D:5:      layout_rooms, lemuel_coloured_pillars_altar, minmay_temple_entry_hall,
          uniq_eustachio
D:6:      layout_basic, hex_intersection, kennysheep_cluttered_room,
          guppyfry_early_elven_hall
D:7:      layout_gridville, old_standard_altar, general_overflow_altar,
          enter_bailey_3
D:8:      layout_basic, overflow_temple_1_default, jmf_multi_god_temple,
          nicolae_zen_rock_garden
D:9:      gammafunk_cloud_chamber, layout_basic,
          mainiacjoe_overflow_cross_hatched, nicolae_titane
Temple:   bh_familiar_temple

Skill      XL: |  1  2  3  4  5  6  7  8  9 |
---------------+----------------------------+-----
Earth Magic    | 3 4 5 6 |  6.3
Spellcasting   | 2 3 4 5 6 |  6.7
Armour         | 3 |  3.7
Stealth        | 6 8 |  8.3
Dodging        | 2 |  2.9
Fighting       | 1 2 |  2.8
Summonings     | 2 |  2.1
Ice Magic      | 2 |  2.1
Transmutations | |  0.8

Action                     |  1- 3 |  4- 6 |  7- 9 || total
---------------------------+-------+-------+-------++-------
  Melee: Unarmed           |     1 |       |       ||     1
         Mace              |     5 |       |       ||     5
         Rapier            |       |       |     2 ||     2
   Cast: Sandblast         |    73 |    68 |   136 ||   277
         Stone Arrow       |       |       |    13 ||    13
         Summon Ice Beast  |       |       |     1 ||     1
  Evoke: Wand              |       |     1 |       ||     1
    Use: Scroll            |     2 |     5 |     4 ||    11
         Potion            |     1 |     3 |     1 ||     5
 Armour: Robe              |     5 |     4 |       ||     9
         Leather armour    |       |       |    21 ||    21
         Scale mail        |       |       |     4 ||     4
  Dodge: Dodged            |    27 |    10 |    61 ||    98
